Map: Eternal Empire LE

Players

Asuna

  • Race: Protoss Protoss
  • League: Master
  • Spawn Location: 7:00

MaSa - Winner!

  • Race: Terran Terran
  • League: Master
  • Spawn Location: 1:00

Event: DreamHack SC2 Masters 2020 Fall

VOD

Have the link to the VOD?

Description

Time

  • Played on: Sept. 1, 2020, 7:35 p.m.
  • Length: 15:01

All games in this series

Show
View Real Time Build Order
Export as new Build Order

Asuna Protoss 

Build Orders: 1 Gate Expand, Phoenix Opening 

Get SALT Encoding   

  12  0:00  Probe  
  13  0:12  Probe  
  14  0:17  Pylon  
  14  0:24  Probe (Chrono Boost)  
  15  0:37  Gateway, Probe (Chrono Boost)  
  16  0:45  Probe (Chrono Boost)  
  16  0:47  Assimilator  
  17  0:51  Probe  
  18  1:03  Probe  
  19  1:15  Probe  
  20  1:24  Cybernetics Core  
  20  1:33  Nexus  
  20  1:37  Probe  
  21  1:44  Pylon  
  21  1:51  Assimilator  
  21  1:52  Probe  
  22  1:59  Adept (Chrono Boost)  
  22  2:06  Shield Battery  
  24  2:13  Warp Gate  
  24  2:18  Shield Battery  
  24  2:26  Stalker  
  26  2:33  Probe  
  26  2:45  Probe  
  26  2:50  Stargate  
  27  2:59  Stalker  
  27  3:03  Probe  
  27  3:04  Probe  
  31  3:15  Probe  
  31  3:17  Probe  
  33  3:25  Robotics Facility  
  33  3:28  Probe  
  33  3:29  Probe  
  35  3:35  Phoenix  
  37  3:42  Gateway  
  37  3:44  Probe  
  37  3:46  Probe  
  39  3:52  Pylon  
  39  3:56  Probe (Chrono Boost)  
  41  4:04  Probe (Chrono Boost)  
  41  4:07  Probe (Chrono Boost)  
  42  4:10  Assimilator  
  42  4:11  Probe (Chrono Boost)  
  42  4:12  Probe (Chrono Boost)  
  42  4:13  Observer  
  42  4:14  Assimilator  
  45  4:19  Pylon  
  45  4:21  Phoenix  
  45  4:23  Probe (Chrono Boost)  
  49  4:27  Probe (Chrono Boost)  
  49  4:33  Probe (Chrono Boost)  
  49  4:37  Probe (Chrono Boost)  
  49  4:38  Probe (Chrono Boost)  
  44  4:46  Phoenix (Chrono Boost), Probe  
  44  4:49  Probe  
  48  4:56  Observer  
  48  4:57  Forge  
  48  4:58  Probe  
  50  5:01  Observer, Probe  
  51  5:07  Robotics Bay  
  51  5:11  Probe (Chrono Boost)  
  51  5:13  Probe (Chrono Boost)  
  49  5:23  Probe (Chrono Boost)  
  49  5:25  Probe (Chrono Boost)  
  49  5:26  Phoenix (Chrono Boost)  
  53  5:30  Probe (Chrono Boost)  
  53  5:31  Probe (Chrono Boost)  
  55  5:37  Observer, Probe  
  55  5:39  Probe  
  58  5:46  Protoss Ground Weapons Level 1  
  58  5:48  Phoenix (Chrono Boost)  
  58  5:49  Probe  
  61  5:52  Probe  
  62  6:00  Pylon  
  62  6:07  Observer  
  62  6:12  Pylon  
  62  6:17  Colossus (Chrono Boost)  
  62  6:18  Probe  
  62  6:19  Pylon  
  69  6:27  Probe  
  69  6:30  Probe  
  61  6:39  Probe  
  62  6:44  Zealot  
  64  6:48  Probe  
  64  6:51  Probe  
  66  6:56  Nexus  
  66  7:00  Phoenix, Shield Battery, Probe  
  69  7:07  Colossus (Chrono Boost)  
  75  7:11  Sentry  
  75  7:12  Sentry  
  79  7:16  Probe x2  
  81  7:28  Gateway, Probe x2  
  81  7:29  Extended Thermal Lance (Chrono Boost)  
  83  7:40  Probe x2  
  85  7:45  Gateway  
  85  7:52  Probe  
  85  7:53  Photon Cannon  
  85  7:54  Pylon  
  86  8:05  Colossus (Chrono Boost)  
  86  8:06  Protoss Ground Armor Level 1 (Chrono Boost)  
  86  8:08  Probe  
  86  8:10  Observer  
  93  8:13  Phoenix  
  95  8:20  Probe x2  
  95  8:21  Observer  
  89  8:28  Probe  
  86  8:35  Probe x2  
  86  8:41  Probe  
  76  8:47  Probe x2  
  78  8:53  Probe  
  77  8:59  Probe  
  77  9:00  Colossus (Chrono Boost), Probe  
  79  9:05  Probe  
  86  9:12  Probe x2 (Chrono Boost)  
  88  9:19  Pylon  
  88  9:23  Sentry  
  88  9:24  Probe x2 (Chrono Boost)  
  93  9:25  Probe (Chrono Boost)  
  93  9:30  Probe x2 (Chrono Boost)  
  94  9:32  Probe (Chrono Boost)  
  94  9:38  Probe  
  94  9:40  Phoenix, Probe  
  96  9:53  Zealot  
  96  9:54  Zealot x2  
  93  10:00  Zealot  
  85  10:20  Probe x2  
  77  10:23  Observer  
  78  10:31  Zealot x3  
  78  10:34  Probe  
  78  10:35  Probe  
  86  10:46  Twilight Council  
  84  10:50  Probe  
  84  10:52  Probe  
  86  10:59  Observer  
  86  11:02  Probe x2 (Chrono Boost)  
  88  11:05  Probe (Chrono Boost)  
  91  11:12  Probe x2 (Chrono Boost)  
  91  11:15  Probe (Chrono Boost)  
  91  11:17  Probe x2 (Chrono Boost)  
  92  11:23  Probe  
  95  11:30  Templar Archives, Probe  
  96  11:35  Observer  
  96  11:39  Probe  
  98  11:40  Pylon  
  98  11:53  Probe (Chrono Boost)  
  98  11:54  Probe (Chrono Boost)  
  100  11:58  Probe (Chrono Boost)  
  101  12:05  Probe (Chrono Boost)  
  102  12:08  Gateway  
  102  12:10  Gateway  
  102  12:11  Disruptor, Probe (Chrono Boost)  
  102  12:13  Probe x2 (Chrono Boost)  
  106  12:17  Probe (Chrono Boost)  
  106  12:19  Probe  
  106  12:20  Probe  
  109  12:27  Pylon  
  109  12:28  Pylon  
  109  12:31  Pylon  
  109  12:39  Assimilator  
  109  12:43  Assimilator, Probe x2  
  109  12:44  Probe  
  109  12:47  Zealot x4  
  110  12:54  Colossus (Chrono Boost)  
  96  13:01  Probe x3  
  99  13:05  High Templar x2  
  99  13:07  High Templar x3  
  99  13:08  High Templar  
  99  13:12  Archon x3  
  111  13:13  Probe x2  
  113  13:27  Probe  
  113  13:28  Probe x2  
  113  13:32  Phoenix  
  118  13:37  Disruptor (Chrono Boost)  
  104  13:49  Zealot x6  
  98  14:06  Colossus  
  98  14:08  Pylon  
  103  14:15  Twilight Council  
  103  14:22  Probe x2  
  105  14:24  High Templar x3  
  105  14:25  High Templar  
  105  14:30  Archon x2  
  110  14:48  Nexus, Pylon  
Show
View Real Time Build Order
Export as new Build Order

MaSa Terran - Winner!

Build Orders:  

Get SALT Encoding   

  12  0:00  SCV  
  13  0:12  SCV  
  14  0:17  Supply Depot  
  14  0:24  SCV  
  15  0:39  SCV  
  15  0:41  Barracks  
  16  0:44  Refinery  
  16  0:51  SCV  
  16  0:53  Refinery  
  17  1:03  SCV  
  18  1:07  Supply Depot  
  18  1:15  SCV  
  19  1:27  Reaper  
  19  1:29  Orbital Command  
  20  1:44  Factory  
  20  1:55  SCV  
  20  1:59  Reaper  
  22  2:03  Bunker  
  22  2:07  SCV  
  23  2:21  SCV  
  24  2:33  Hellion, SCV  
  24  2:36  Barracks Reactor  
  26  2:40  Command Center  
  26  2:46  Starport  
  26  2:48  SCV  
  27  2:56  Factory Tech Lab  
  27  2:57  Widow Mine  
  29  3:00  SCV  
  29  3:04  Supply Depot  
  28  3:12  Marine  
  28  3:13  Marine  
  28  3:15  SCV  
  31  3:26  Medivac, Widow Mine  
  35  3:29  SCV  
  35  3:30  Marine x2  
  38  3:34  Bunker  
  38  3:43  Armory  
  38  3:44  SCV  
  38  3:48  Factory Tech Lab  
  39  3:57  Orbital Command  
  39  4:00  SCV  
  39  4:02  Marine x2  
  42  4:10  Siege Tank  
  42  4:12  SCV  
  42  4:17  Refinery  
  46  4:20  Starport Tech Lab  
  46  4:23  SCV  
  47  4:24  SCV  
  47  4:29  Supply Depot  
  47  4:30  Drilling Claws  
  48  4:35  SCV  
  48  4:36  Marine  
  48  4:48  SCV x2  
  48  4:49  Widow Mine  
  48  4:50  Viking  
  52  4:54  Supply Depot  
  52  4:57  Marine  
  53  5:00  SCV  
  53  5:02  SCV  
  53  5:05  Supply Depot  
  55  5:11  Widow Mine  
  55  5:12  SCV  
  58  5:18  SCV  
  58  5:20  Supply Depot  
  59  5:22  Marine x2  
  59  5:23  Viking  
  59  5:26  SCV  
  62  5:33  Widow Mine  
  64  5:36  SCV  
  65  5:46  SCV  
  66  5:50  Command Center  
  66  5:57  Barracks x2  
  66  5:58  SCV  
  66  6:01  SCV  
  68  6:04  Starport Reactor  
  68  6:05  Engineering Bay, Refinery  
  68  6:06  Stimpack, Marine  
  68  6:11  SCV  
  70  6:13  Widow Mine x2  
  70  6:16  SCV  
  75  6:23  SCV  
  76  6:28  SCV  
  76  6:29  Supply Depot  
  76  6:31  Marauder  
  77  6:35  SCV, Terran Infantry Weapons Level 1  
  77  6:39  Barracks  
  76  6:40  SCV  
  76  6:41  Barracks, Widow Mine  
  76  6:42  Widow Mine  
  76  6:46  Barracks Reactor  
  79  6:50  Medivac  
  79  6:52  Medivac  
  79  6:53  SCV  
  84  6:54  Missile Turret  
  84  7:00  Missile Turret  
  84  7:02  Orbital Command  
  84  7:03  Combat Shield  
  84  7:04  SCV  
  84  7:07  Marauder  
  87  7:11  Marauder  
  87  7:14  Widow Mine x2  
  93  7:18  SCV  
  93  7:19  SCV  
  95  7:24  Orbital Command, Medivac x2  
  95  7:28  Marine x2  
  95  7:29  Barracks Tech Lab, Barracks Reactor  
  101  7:30  SCV  
  101  7:31  SCV  
  103  7:40  Supply Depot  
  103  7:41  Marauder x2, Supply Depot  
  103  7:43  Supply Depot  
  107  7:45  Engineering Bay  
  107  7:47  SCV  
  108  7:55  Sensor Tower, SCV  
  109  8:01  Marine  
  109  8:02  Widow Mine x2, SCV  
  109  8:05  Supply Depot  
  115  8:07  Concussive Shells, Marine  
  115  8:09  SCV  
  115  8:11  SCV  
  118  8:13  Terran Infantry Armor Level 1  
  118  8:18  Marauder, Marine  
  118  8:19  SCV  
  116  8:23  Widow Mine  
  117  8:29  Marine  
  117  8:30  Marauder x2  
  117  8:31  SCV x3  
  125  8:39  Widow Mine, Marine x2  
  125  8:40  Marauder  
  125  8:43  SCV x3  
  125  8:46  Widow Mine  
  125  8:47  Terran Infantry Weapons Level 2  
  130  8:50  Medivac  
  130  8:51  Medivac, Marauder  
  130  8:55  SCV  
  129  8:57  Marauder, Marine x2  
  129  9:01  Widow Mine  
  129  9:02  SCV x2  
  137  9:03  Marine x2  
  137  9:09  Refinery x2  
  139  9:10  Starport  
  139  9:20  Medivac  
  139  9:22  Supply Depot  
  139  9:23  Supply Depot  
  141  9:24  Command Center, Supply Depot  
  141  9:25  Terran Ship Weapons Level 1  
  141  9:43  Medivac, Marauder x2, SCV x2  
  141  9:44  Supply Depot x2  
  141  9:45  Marauder, SCV, Marine x2  
  154  9:46  Marine x2  
  151  10:00  SCV  
  151  10:02  Marine x2  
  151  10:04  Marine x2  
  151  10:05  Marauder x2  
  151  10:07  Marauder  
  155  10:10  Widow Mine  
  141  10:19  SCV x2  
  141  10:20  Marine x2  
  141  10:22  Marine  
  141  10:23  SCV  
  141  10:26  Marauder x2  
  141  10:28  Marauder, Starport Reactor  
  145  10:30  Barracks  
  145  10:35  Barracks  
  140  10:37  Medivac  
  140  10:40  Barracks  
  142  10:43  SCV x3  
  142  10:48  Marauder x2  
  142  10:49  Terran Infantry Armor Level 2, Marauder  
  147  10:50  Unknown  
  147  10:52  Widow Mine  
  149  11:00  Marine  
  149  11:01  Marine x3  
  149  11:02  Widow Mine  
  155  11:05  Planetary Fortress  
  155  11:06  SCV  
  155  11:09  Marauder x2  
  160  11:13  Marauder  
  160  11:18  Marine x2  
  163  11:20  Terran Infantry Weapons Level 3  
  163  11:23  Ghost Academy  
  163  11:24  Barracks Tech Lab  
  163  11:25  Barracks Tech Lab  
  164  11:27  Barracks Reactor  
  164  11:30  Marauder  
  166  11:38  Marauder, Marine x3  
  166  11:39  Marauder  
  173  11:44  Marine  
  173  11:45  Marauder x2  
  176  11:50  Medivac  
  176  11:51  Marine  
  176  11:52  Widow Mine x2  
  179  11:56  Marine x3  
  179  12:00  Marauder x2  
  179  12:06  Marauder x2  
  182  12:10  Marauder, Terran Ship Weapons Level 2  
  182  12:14  Command Center  
  184  12:15  Marine  
  184  12:16  Marine x2  
  184  12:17  Marine  
  184  12:20  Medivac  
  192  12:23  Widow Mine x2  
  192  12:29  Marine, Enhanced Shockwaves  
  194  12:34  Ghost x3  
  173  12:38  Ghost  
  171  12:51  Marauder, Marine x3  
  143  12:59  Marine x3  
  143  13:02  Medivac x3  
  143  13:03  Medivac, Marauder x3  
  143  13:04  Widow Mine x2  
  162  13:07  Marine  
  163  13:13  Marine x3  
  166  13:25  Marauder, Marine  
  166  13:26  Marauder  
  171  13:29  Marine  
  171  13:30  Marauder, Marine  
  175  13:38  Marauder, Marine x2  
  175  13:39  Marauder  
  175  13:40  Command Center  
  165  13:49  Marauder, Marine x2  
  165  13:50  Marauder  
  165  13:51  Marauder, Marine  
  170  13:58  Medivac x4  
  170  13:59  Widow Mine x2, Marine  
  170  14:00  Marauder x2  
  170  14:01  Marine x2  
  174  14:07  Marine x2  
  172  14:12  SCV  
  172  14:13  SCV  
  172  14:14  Marauder x3, Marine  
  177  14:17  Marine  
  177  14:21  Marauder x2  
  177  14:23  Widow Mine x2  
  184  14:26  Marine  
  184  14:27  Medivac  
  187  14:31  Medivac  
  187  14:35  Orbital Command, Marauder x2  
  187  14:37  Marauder, Marine  

Tags
 
Add a new tag
Caveats
  • Supply blocks, unpowered buildings, or Contaminate may cause inaccurate times.
  • Supply counts are checked every 10 seconds.